 Dungeon Crawl Stone Soup version 0.26-a0-771-g060e6a62af (webtiles) character file.

Game seed: 4643182249521983863

8334 Tatune the Thaumaturge (level 11, -11/62 HPs)
             Began as a Deep Elf Necromancer on Nov 8, 2020.
             Was a Priest of Yredelemnul.
             Mangled by a cane toad (23 damage)
             ... on level 2 of the Lair of Beasts on Nov 9, 2020.
             The game lasted 01:48:33 (16262 turns).

Tatune the Thaumaturge (Deep Elf Necromancer)      Turns: 16262, Time: 01:48:35

Health: -11/62     AC:  9    Str:  5    XL:     11   Next: 8%
Magic:  11/27      EV: 15    Int: 30    God:    Yredelemnul [***...]
Gold:   278        SH:  0    Dex: 15    Spells: 23/37 levels left

rFire    . . .     SeeInvis +   k - +5 rapier (flame)
rCold    . . .     Faith    .   (no shield)
rNeg     . . .     Spirit   .   a - +2 robe
rPois    +         Reflect  .   j - +0 helmet
rElec    .         Harm     .   (no cloak)
rCorr    .         Rampage  .   e - +0 pair of gloves
MR       +....                  b - +2 pair of boots of the Eternal Fruit {rPois Slay-6 SInv Stlth+}
Stlth    ++++......             c - amulet of magic regeneration
HPRegen  0.20/turn              l - +6 ring of intelligence
MPRegen  0.45/turn              r - ring of wizardry

@: no status effects
A: low mp 1, robust 1, MP-powered wands
a: Recall Undead Slaves, Injury Mirror, Animate Dead, Renounce Religion


You were on level 2 of the Lair of Beasts.
You worshipped Yredelemnul.
Yredelemnul was most pleased with you.
You visited 3 branches of the dungeon, and saw 13 of its levels.

You collected 608 gold pieces.
You spent 330 gold pieces at shops.

Inventory:

Hand Weapons
 g - a +4 flail of draining
 k - a +5 rapier of flaming (weapon)
Armour
 a - a +2 robe (worn)
 b - the +2 pair of boots of the Eternal Fruit (worn) {rPois Slay-6 SInv Stlth+}
   (You found it on level 4 of the Dungeon)

   It affects your accuracy and damage with ranged weapons and melee attacks
   (-6).
   It protects you from poison.
   It lets you see invisible.
   It makes you more stealthy.
 e - a +0 pair of gloves (worn)
 j - a +0 helmet (worn)
Magical Staves
 u - an uncursed staff of death
Jewellery
 c - an amulet of magic regeneration (around neck)
 l - a +6 ring of intelligence (left hand)
 n - an uncursed ring of see invisible
 r - a ring of wizardry (right hand)
Wands
 t - a wand of paralysis (14)
 y - a wand of disintegration (10)
 B - a wand of acid (13)
Scrolls
 f - 5 scrolls of teleportation
 h - 4 scrolls of amnesia
 o - a scroll of enchant weapon
 p - 2 scrolls of remove curse
 w - 3 scrolls of magic mapping
 z - 3 scrolls of identify
 A - 2 scrolls of blinking
Potions
 d - 2 potions of flight
 i - a potion of degeneration
 m - 4 potions of curing
 s - 2 potions of might
 x - a potion of heal wounds
 D - 2 potions of cancellation


   Skills:
 + Level 2.0 Fighting
 + Level 3.4 Short Blades
 + Level 1.1 Maces & Flails
 + Level 5.4 Dodging
 + Level 4.4 Stealth
 + Level 13.5 Spellcasting
 + Level 13.1 Necromancy
 + Level 5.0 Invocations


You had 23 spell levels left.
You knew the following spells:

 Your Spells              Type           Power        Failure   Level
a - Pain                  Necr           ####         0%          1
b - Animate Skeleton      Necr           ######       0%          1
c - Vampiric Draining     Necr           #######...   1%          3
d - Animate Dead          Necr           #######...   1%          4
e - Borgnjor's Vile Clut  Necr/Erth      ######....   1%          5

Your spell library contained the following spells:

 Spells                   Type           Power        Failure   Level
 Sandblast                Erth           ###...       1%          1
 Passwall                 Tmut/Erth      ###.....     1%          2
 Agony                    Necr           #######.     1%          5
 Death Channel            Necr           #######...   1%          6
 Stone Arrow              Conj/Erth      ###...       3%          3
 Petrify                  Tmut/Erth      ###.....     10%         4
 Simulacrum               Ice/Necr       ######....   11%         6
 Lee's Rapid Deconstruct  Erth           ###.......   26%         5


Dungeon Overview and Level Annotations

Branches:
Dungeon (10/15)            Temple (1/1) D:6            Lair (2/6) D:10
  Swamp: Lair:2-4    Shoals: Lair:2-4     Snake: Lair:2-4    Spider: Lair:2-4
    Orc: D:9-12

Altars:
Ashenzari
Cheibriados
Dithmenos
Elyvilon
Fedhas
Gozag
Hepliaklqana
Kikubaaqudgha
Makhleb
Nemelex Xobeh
Okawaru
Qazlal
Ru
Sif Muna
Trog
Uskayaw
Vehumet
Wu Jian
Xom
Yredelemnul
Zin
The Shining One

Shops:
D:7 *   D:9 }   D:10 }


Innate Abilities, Weirdness & Mutations

Your magical capacity is low. (-10% MP)
You are robust. (+10% HP)
You expend magic power (3 MP) to strengthen your wands.


Message History

Casting: Vampiric Draining (safe; 1% risk of failure)
Confirm with . or Enter, or press ? or * to list all spells.
Press: ? - help, Shift-Dir - straight line, f - four-headed hydra, p - cane toad
Aim: a four-headed hydra The four-headed hydra is moderately wounded.
You feel life coursing into your body!
The cane toad stings you but does no damage.
The four-headed hydra bites you.
* * * LOW HITPOINT WARNING * * *
The four-headed hydra closely misses you. x2
The four-headed hydra bites you but does no damage.
Casting: Vampiric Draining (safe; 1% risk of failure)
Confirm with . or Enter, or press ? or * to list all spells.
Aiming: Vampiric Draining (safe; 1% risk of failure)
Press: ? - help, Shift-Dir - straight line, f/p - four-headed hydra
Aim: a four-headed hydra (moderately wounded)
The four-headed hydra is moderately wounded.
You feel life coursing into your body. The cane toad stings you!!
You die...
Your body rises from the dead as a mindless zombie.

#D...$..#.....P##....###..
.......#......##......'..
#.#.#.......###.######..
P##...#.......##### ####..
...............######..#..
........................(.
..........................
..........................
........F@D...............
..........................
.#.#....P.....###...##...#
#.+....#......# ...#....#
##.....##.....P. .......#
....... #........ .##...+
.#..... ........... #...#
####.# ......#..... #....
.P..#....


You could see a four-headed hydra and a cane toad.

Vanquished Creatures
  A hydra (Lair:1)
  2 black mambas (Lair:2)
  A cane toad (Lair:2)
  A komodo dragon (Lair:2)
  A yak (Lair:1)
  Duvessa (D:4)
  2 water moccasins (Lair:2)
  An orc warrior (D:7)
  2 black bears (D:6)
  An ice beast (D:6)
  3 sky beasts
  3 ogres
  3 centaurs
  7 bullfrogs
  Dowan (D:4)
  6 scorpions
  4 howler monkeys
  A centaur zombie (D:7)
  3 hounds
  2 bullfrog skeletons
  2 orc priests (D:7)
  A jelly (D:7)
  A centaur skeleton (D:9)
  2 iguanas
  3 orc wizards
  8 worker ants
  A hound skeleton (D:4)
  3 gnolls (D:6)
  13 adders
  A howler monkey skeleton (D:4)
  A river rat (D:6)
  A shadow imp (D:6)
  A white imp (D:6)
  An ufetubus (D:7)
  An adder zombie (D:6)
  4 worms
  4 dart slugs
  4 leopard geckos
  12 orcs
  17 giant cockroaches
  8 goblins
  4 hobgoblins
  3 jackals (D:4)
  5 kobolds (D:2)
  4 quokkas
  2 ball pythons
  2 bats
  5 frilled lizards
  A jackal zombie (D:6)
  A leopard gecko skeleton (D:4)
  5 rats
167 creatures vanquished.

Vanquished Creatures (collateral kills)
  A hydra (Lair:1)
  2 cane toads (Lair:1)
  A komodo dragon (D:10)
  2 trolls
  A hornet (D:9)
  14 yaks (Lair:1)
  A wyvern (D:9)
  A basilisk (Lair:1)
  A water moccasin (Lair:1)
  An orc warrior (D:9)
  3 ogres
  3 bullfrogs
  2 scorpions (D:10)
  3 killer bees (D:9)
  11 wights
  2 electric eels (D:9)
  A howler monkey (D:9)
  2 jellies
  4 orc priests (D:9)
  2 orc wizards
  4 worker ants
  A worker ant zombie (D:7)
  A gnoll (D:6)
  An adder (D:10)
  3 shadow imps
  A white imp (D:10)
  2 ufetubi
  An adder skeleton (D:9)
  2 leopard geckos
  12 orcs
  4 jackals (D:9)
90 creatures vanquished.

Vanquished Creatures (others)
  11 flying skulls
  A human (D:5)
  A cane toad zombie (Lair:1)
  A water moccasin skeleton (Lair:2)
  2 yak zombies (Lair:1)
  A bullfrog zombie (D:7)
  An electric eel zombie (D:9)
  A jackal zombie (D:9)
  2 ogre zombies
  An orc zombie (D:7)
  12 fungi
  79 plants
113 creatures vanquished.

Grand Total: 370 creatures vanquished

Notes
Turn   | Place    | Note
-------+----------+-------------------------------------------
     0 | D:1      | Tatune the Deep Elf Necromancer began the quest for the
                  | Orb.
     0 | D:1      | Reached XP level 1. HP: 10/10 MP: 6/6
   114 | D:1      | Learned a level 1 spell: Animate Skeleton
   329 | D:1      | Reached skill level 5 in Necromancy
   355 | D:1      | Reached XP level 2. HP: 5/15 MP: 5/8
  1494 | D:2      | Found a basalt altar of Yredelemnul.
  1494 | D:2      | Found a shimmering blue altar of Sif Muna.
  1502 | D:2      | Became a worshipper of Yredelemnul the Dark
  1623 | D:2      | Reached XP level 3. HP: 3/19 MP: 7/10
  2087 | D:2      | Learned a level 3 spell: Vampiric Draining
  3199 | D:3      | Reached XP level 4. HP: 20/24 MP: 9/12
  3358 | D:3      | Reached * piety under Yredelemnul
  3443 | D:3      | Reached skill level 5 in Spellcasting
  3913 | D:4      | Learned a level 4 spell: Animate Dead
  3942 | D:4      | Noticed an ogre
  3949 | D:4      | Killed an ogre
  3949 | D:4      | Reached XP level 5. HP: 25/28 MP: 13/15
  4056 | D:4      | Found a sparkling altar of Nemelex Xobeh.
  4064 | D:4      | Reached skill level 1 in Short Blades
  4082 | D:4      | Found a glowing silver altar of Zin.
  4089 | D:4      | Found a burning altar of Makhleb.
  4207 | D:4      | Reached XP level 6. HP: 29/32 MP: 12/17
  4266 | D:4      | Got a pair of faintly humming boots
  4271 | D:4      | Identified the +2 pair of boots of the Eternal Fruit {rPois
                  | Slay-6 SInv Stlth+} (You found it on level 4 of the
                  | Dungeon)
  4283 | D:4      | Noticed Duvessa
  4285 | D:4      | Noticed Dowan
  4303 | D:4      | Killed Duvessa
  4322 | D:4      | Killed Dowan
  4709 | D:4      | Reached XP level 7. HP: 33/36 MP: 16/19
  5386 | D:4      | Found a snail-covered altar of Cheibriados.
  5994 | D:5      | Entered Level 5 of the Dungeon
  6329 | D:5      | Found an ancient bone altar of Kikubaaqudgha.
  6331 | D:5      | Noticed a human
  6334 | D:5      | Killed a human
  6951 | D:6      | Reached ** piety under Yredelemnul
  6952 | D:6      | Gained mutation: You expend magic power (3 MP) to
                  | strengthen your wands. [potion of mutation]
  6952 | D:6      | Gained mutation: Your magical capacity is low. (-10% MP)
                  | [potion of mutation]
  6952 | D:6      | Gained mutation: You evolve. [potion of mutation]
  7303 | D:6      | Found a staircase to the Ecumenical Temple.
  7316 | D:6      | Reached XP level 8. HP: 31/42 MP: 13/20
  7328 | Temple   | Entered the Ecumenical Temple
  7629 | D:6      | Reached skill level 1 in Fighting
  7681 | D:6      | Reached skill level 1 in Maces & Flails
  8093 | D:6      | Gained mutation: You are robust. (+10% HP) [evolution]
  8995 | D:6      | Reached skill level 10 in Spellcasting
  9426 | D:7      | Found an ornate altar of the Wu Jian Council.
  9488 | D:7      | HP: 2/47 [centaur zombie (6)]
  9876 | D:7      | Reached XP level 9. HP: 51/51 MP: 10/23
  9971 | D:7      | Found Coiprush's Assorted Antiques.
  9983 | D:7      | Bought a hardcover book for 330 gold pieces
  9990 | D:7      | Learned a level 5 spell: Borgnjor's Vile Clutch
 10100 | D:7      | Reached *** piety under Yredelemnul
 10100 | D:7      | Reached skill level 10 in Necromancy
 10645 | D:7      | Reached skill level 1 in Invocations
 10652 | D:7      | Received a gift from Yredelemnul (4 flying skulls)
 11740 | D:8      | Noticed a troll
 11746 | D:8      | Killed a troll
 11889 | D:9      | Lost mutation: You evolve. [evolution]
 12009 | D:9      | Reached **** piety under Yredelemnul
 12061 | D:9      | Found Sogy's Gadget Boutique.
 12080 | D:9      | Received a gift from Yredelemnul (a wight)
 12339 | D:9      | Reached XP level 10. HP: 44/57 MP: 18/25
 12570 | D:9      | Found a stormy altar of Qazlal.
 12764 | D:9      | Received a gift from Yredelemnul (5 flying skulls)
 13105 | D:10     | Entered Level 10 of the Dungeon
 13418 | D:10     | Found Xics's Gadget Emporium.
 13551 | D:10     | Found a staircase to the Lair.
 13943 | Lair:1   | Entered Level 1 of the Lair of Beasts
 13949 | Lair:1   | Noticed a four-headed hydra
 13959 | Lair:1   | Killed a four-headed hydra
 14532 | Lair:1   | Noticed a cane toad
 14543 | Lair:1   | Killed a cane toad
 14588 | Lair:1   | Received a gift from Yredelemnul (2 flying skulls)
 14896 | Lair:1   | Reached skill level 5 in Dodging
 15039 | Lair:1   | Noticed a cane toad
 15065 | Lair:1   | Killed a cane toad
 15165 | Lair:1   | Noticed an eight-headed hydra
 15179 | Lair:1   | Killed an eight-headed hydra
 15654 | Lair:2   | Noticed a black mamba
 15662 | Lair:2   | Killed a black mamba
 15952 | Lair:2   | Noticed a black mamba
 15961 | Lair:2   | Killed a black mamba
 15961 | Lair:2   | Reached XP level 11. HP: 49/62 MP: 15/27
 16158 | Lair:2   | Noticed a four-headed hydra
 16249 | Lair:2   | Noticed a five-headed hydra
 16258 | Lair:2   | Reached skill level 5 in Invocations
 16260 | Lair:2   | HP: 3/62 [four-headed hydra (10)]
 16262 | Lair:2   | Mangled by a cane toad

Illustrated notes

Levels and vault maps discovered:
D:1:      elethiomel_arrival_shortcut, layout_basic
D:2:      minmay_roachtagon, layout_basic, gammafunk_temple_overflow_wave,
          minivault_25
D:3:      layout_loops_cross
D:4:      layout_basic, kennysheep_little_box, minmay_overflow_temple_star_quad,
          minmay_misc_feat_roman, uniq_duvessa
D:5:      layout_basic, tgw_kikubaaqudgha
D:6:      layout_loops_ring, minmay_temple_entry_waves, gup_sewer_entry_bubbles,
          minivault_22
D:7:      minmay_s_stair_smasher, layout_loops_ring, lemuel_round_altar,
          serial_shops, shop, chequers_decorated_corner,
          kennysheep_generic_room_13
D:8:      layout_gridville
D:9:      layout_gridville, serial_shops, shop_fountains, serial_bayou,
          serial_bayou_lagoon_b, serial_bayou_lake_a, serial_bayou_pond_a,
          serial_bayou_shore_b, grunt_qazlal_clouds
D:10:     layout_long_grid, david_lair_shrubbed, serial_shops,
          kennysheep_mini_moat
Temple:   regret_index_temple_waves
Lair:1:   layout_concentric_octagons
Lair:2:   layout_regular_city, basic_altar, chequers_serial_rivers_small_a,
          lemuel_fruit_tree

Skill      XL: |  1  2  3  4  5  6  7  8  9 10 11 |
---------------+----------------------------------+-----
Necromancy     | 5 6 7 8 9 11 13 | 13.1
Spellcasting   | 4 5 6 7 8 10 12 13 | 13.5
Short Blades   | 1 2 3 |  3.4
Dodging        | 3 4 5 |  5.4
Stealth        | 3 4 |  4.4
Fighting       | 1 2 |  2.0
Maces & Flails | 1 |  1.1
Invocations    | 2 4 5 |  5.0

Action                   |  1- 3 |  4- 6 |  7- 9 | 10-12 || total
-------------------------+-------+-------+-------+-------++-------
Melee: Dagger            |     8 |       |       |       ||     8
       Rapier            |       |    27 |   110 |    53 ||   190
       Flail             |       |       |    29 |       ||    29
 Cast: Pain              |    74 |    46 |   144 |    34 ||   298
       Animate Skeleton  |    16 |     7 |     4 |       ||    27
       Vampiric Draining |     2 |    15 |    68 |    24 ||   109
       Animate Dead      |       |       |    12 |     2 ||    14
Invok: Animate Remains   |       |     1 |       |       ||     1
       Recall Undead Sla |       |       |     1 |     3 ||     4
       Animate Dead      |       |       |    10 |    20 ||    30
       Drain Life        |       |       |       |     2 ||     2
  Use: Scroll            |     8 |     1 |    10 |     5 ||    24
       Potion            |     3 |     3 |     7 |     2 ||    15
Armor: Robe              |     7 |    17 |    98 |    28 ||   150
Dodge: Dodged            |    15 |    35 |   214 |    62 ||   326

Table legend: (Time is in decaauts)
 A = Elapsed time spent in this place.
 B = Non-inter-level travel time spent in this place.
 C = Inter-level travel time spent in this place.
 D = Time resting spent in this place.
 E = Time spent auto-exploring this place.
 F = Levels seen in this place.
 G = Mean time per level.
                   A        B        C        D        E       F      G
               +--------+--------+--------+--------+--------+-----+--------+
         Total |  16413 |  15761 |    652 |   3854 |   5931 |  13 | 1262.5 |
       Dungeon |  13882 |  13379 |    503 |   3263 |   4834 |  10 | 1388.2 |
        Temple |    210 |    210 |      0 |      0 |     39 |   1 |  210.0 |
          Lair |   2319 |   2170 |    149 |    591 |   1058 |   2 | 1159.5 |
               +--------+--------+--------+--------+--------+-----+--------+

Top non-repeatable levels by time:
     D:6: 2384 daAuts
     D:4: 1990 daAuts
     D:2: 1831 daAuts
     D:7: 1793 daAuts
  Lair:1: 1685 daAuts
     D:9: 1284 daAuts
     D:1: 1112 daAuts
     D:3: 1066 daAuts
     D:5: 939 daAuts
    D:10: 840 daAuts
     D:8: 639 daAuts
  Lair:2: 634 daAuts
  Temple: 210 daAuts
